 Dungeon Crawl Stone Soup version 0.31.0-32-g396128a36d (webtiles) character file.

Game seed: 6486278899508542449

6009 0gre the Frost Mage (level 10, 0/76 HPs)
             Began as a Gnoll Ice Elementalist on Apr 6, 2024.
             Was an Initiate of Gozag.
             Slain by Erica
             ... wielding a +2 scimitar of flaming
              (1 damage)
             ... on level 9 of the Dungeon on Apr 7, 2024.
             The game lasted 01:01:14 (8339 turns).

0gre the Frost Mage (Gnoll Ice Elementalist)        Turns: 8339, Time: 01:01:15

Health: 0/76       AC:  6    Str:  7    XL:     10   Next: 85%
Magic:  17/21      EV: 13    Int: 16    God:    Gozag
Gold:   239        SH:  0    Dex: 16    Spells: 18/24 levels left

rFire   . . .        a - +3 scimitar
rCold   + . .        (no shield)
rNeg    . . .        m - +1 robe
rPois   .            k - +2 helmet
rElec   .            (no cloak)
rCorr   .            (no gloves)
SInv    .            (no boots)
Will    .....        F - amulet of regeneration
Stlth   ++++         u - ring of protection from cold
HPRegen 1.12/turn    (no ring)
MPRegen 0.17/turn

%: no passive effects
@: lethally poisoned (0 -> -17), gold aura, slowed, constricted, very slow
A: fangs 1, strong nose, distributed training
a: Renounce Religion, Potion Petition, Call Merchant, Bribe Branch


You were on level 9 of the Dungeon.
You worshipped Gozag.
Gozag was aware of your devotion.
You visited 1 branch of the dungeon, and saw 9 of its levels.

You collected 1932 gold pieces.
You spent 1175 gold pieces at shops.
You paid 518 gold pieces to Gozag.

Inventory:

Hand Weapons
 a - a +3 scimitar (weapon)
 b - a +0 orcbow
 c - a +0 glaive of pain
 d - a +4 flail of protection
 e - a +2 great sword of freezing
Missiles
 g - 16 boomerangs
 h - 11 poisoned darts
 i - 4 javelins (quivered)
Armour
 k - a +2 helmet (worn)
 m - a +1 robe (worn)
 n - the +1 leather armour of Baet {rElec rN+}
   (You found it on level 5 of the Dungeon)

   rElec:     It insulates you from electricity.
   rN+:       It protects you from negative energy.
 o - the +0 buckler of Happy Babbling {Fly}
   (You took it off a kobold on level 2 of the Dungeon)

   Fly:       It grants you flight.
Jewellery
 l - a ring of flight
 u - a ring of protection from cold (left hand)
 F - an amulet of regeneration (around neck)
Wands
 z - a wand of flame (48)
 D - a wand of polymorph (7)
Scrolls
 p - 4 scrolls of teleportation
 r - a scroll of brand weapon
 s - 2 scrolls of amnesia
 t - 2 scrolls of poison
 v - a scroll of revelation
 y - a scroll of blinking
 E - 3 scrolls of fear
Potions
 f - a potion of enlightenment
 q - 2 potions of resistance
 w - a potion of mutation
 A - 2 potions of magic
 B - 3 potions of haste
 C - 2 potions of cancellation
 G - a potion of lignification {unknown}
 J - a potion of might {unknown}


   Skills:
 + Level 5.9 Fighting
 + Level 5.9 Short Blades
 + Level 5.9 Long Blades
 + Level 5.9 Axes
 + Level 5.9 Maces & Flails
 + Level 5.9 Polearms
 + Level 5.9 Staves
 + Level 5.9 Ranged Weapons
 + Level 5.9 Throwing
 + Level 5.9 Armour
 + Level 7.5 Dodging
 + Level 7.3 Stealth
 + Level 5.9 Shields
 + Level 5.9 Unarmed Combat
 + Level 7.8 Spellcasting
 + Level 4.8 Conjurations
 + Level 4.8 Hexes
 + Level 4.8 Summonings
 + Level 4.8 Necromancy
 + Level 4.8 Translocations
 + Level 4.8 Fire Magic
 + Level 8.7 Ice Magic
 + Level 4.8 Air Magic
 + Level 4.8 Earth Magic
 + Level 4.8 Alchemy
 + Level 6.4 Invocations
 + Level 5.9 Evocations
 + Level 5.3 Shapeshifting


You had 18 spell levels left.
You knew the following spells:

 Your Spells              Type           Power      Damage    Failure   Level
b - Frozen Ramparts       Ice            68%        1d11      1%          3
c - Summon Ice Beast      Ice/Summ       28%        N/A       1%          3

Your spell library contained the following spells:

 Spells                   Type           Power      Damage    Failure   Level
 Freeze                   Ice            100%       1d10      1%          1
 Magic Dart               Conj           84%        1d7       1%          1
 Slow                     Hex            84%        N/A       1%          1
 Ozocubu's Armour         Ice            34%        N/A       1%          3
 Searing Ray              Conj           42%        2d6       2%          2
 Confusing Touch          Hex            21%        N/A       4%          3
 Sigil of Binding         Hex            21%        N/A       4%          3
 Vampiric Draining        Necr           21%        2d7       4%          3
 Fulminant Prism          Conj/Alch      10%        3d8       16%         4


Dungeon Overview and Level Annotations

Branches:
Dungeon (9/15)             Temple (0/1) D:5            Lair (0/5) D:8
    Orc: D:9-12

Altars:
Gozag
Hepliaklqana
Nemelex Xobeh
Qazlal

Shops:
D:1 =   D:4 *   D:5 !   D:7 =   D:8 ?

Annotations:
D:9 Erica


Innate Abilities, Weirdness & Mutations

You have very sharp teeth.
Your uncanny sense of smell can sniff out nearby items.
Your experience applies equally to all skills.


Message History

* * * LOW HITPOINT WARNING * * *
Something burns you.
* * * LOW HITPOINT WARNING * * *
Something barely misses you.
The wall freezes the wraith but does no damage.
Your ice beast hits the wraith but does no damage.
You feel better.
The wall freezes something.
Something hits you.
* * * LOW HITPOINT WARNING * * *
Something burns you.
* * * LOW HITPOINT WARNING * * *
Something grabs you.
You are constricted.
* * * LOW HITPOINT WARNING * * *
The wraith resists.
The wall freezes the wraith.
You destroy the wraith!
Your ice beast misses something.
Blink to where?
Press: ? - help, Dir - move target You escape Erica's grasp.
The frozen ramparts melt away as you move.
As you read the scroll of blinking, it crumbles to dust.
A bullfrog comes into view.
Something tries to affect you, but you resist.
Your ice beast barely misses something.
Something barely misses you. Something grabs you.
You are constricted.
* * * LOW HITPOINT WARNING * * *
There is a stone staircase leading up here.
Erica's grasp on you weakens, but your attempt to escape fails.
You hear some strange, mumbled words.
A bolt of poison appears from out of thin air!
The bolt of poison hits you!
You are poisoned.
* * * LOW HITPOINT WARNING * * *
You are constricted.
* * * LOW HITPOINT WARNING * * *
Your ice beast closely misses something.
Something hits you!
* * * LOW HITPOINT WARNING * * *
Something burns you.
You die...
Your body crumbles into a pile of gold.

∆ .. #.# # ........ ##.
#.#.##.# ≈ ....
#.#.##.#####~≈
#..##.#.##.#....~≈
...............~~
...#.##......~~
###.###.#{@#..#
F.......Y.....#
....#.#.###.####.#####~~
( .#.#.# #.# ##........
. ..#.###Y###.....##~~
#.#.#.#...........+
#$#.#.#.#(.##.....#
.###.....#.##.##..(..#
.........#.##..#.....#


You could see a friendly ice beast (summoned).

Vanquished Creatures
  A two-headed ogre (D:8)
  Joseph (D:8)
  Maggie (D:6)
  Psyche (D:8)
  Sigmund (D:4)
  A wraith (D:9)
  2 wyverns
  A fire bat (D:5)
  A basilisk (D:8)
  A steam dragon (D:8)
  Edmund (D:5)
  3 water moccasins (D:8)
  An ice beast (D:6)
  4 black bears (D:8)
  An orc warrior (D:8)
  A sky beast (D:8)
  An ogre (D:5)
  A centaur (D:9)
  A wolf (D:8)
  3 phantoms
  A gnoll sergeant (D:5)
  4 bullfrogs
  2 scorpions (D:6)
  4 wights (D:8)
  3 killer bees (D:8)
  3 hounds
  3 jellies
  4 bombardier beetles (D:5)
  A gnoll bouda (D:7)
  3 orc priests
  Jessica (D:2)
  Terence (D:2)
  3 iguanas
  4 orc wizards
  Robin (D:2)
  16 gnolls
  9 adders
  A white imp (D:6)
  2 dart slugs
  19 orcs
  4 ball pythons
  8 endoplasms
  4 giant cockroaches
  14 goblins
  4 hobgoblins
  6 jackals
  3 quokkas
  8 bats
  4 frilled lizards
  6 kobolds
  3 rats
177 creatures vanquished.

Vanquished Creatures (collateral kills)
  A centaur (D:8)
  A wight (D:8)
  6 gnolls
8 creatures vanquished.

Vanquished Creatures (others)
  A water moccasin (D:8)
  An endoplasm (D:3)
2 creatures vanquished.

Grand Total: 187 creatures vanquished

Notes
Turn   | Place    | Note
-------+----------+-------------------------------------------
     0 | D:1      | 0gre the Gnoll Ice Elementalist began the quest for the
                  | Orb.
     0 | D:1      | Reached XP level 1. HP: 13/13 MP: 6/6
   112 | D:1      | Reached XP level 2. HP: 13/19 MP: 5/7
   472 | D:1      | Reached skill level 5 in Spellcasting
   472 | D:1      | Reached XP level 3. HP: 21/25 MP: 7/9
   549 | D:1      | Found Vum Boiwn's One-of-a-Kind Rings.
  1027 | D:1      | Learned a level 3 spell: Frozen Ramparts
  1076 | D:2      | Noticed Terence
  1092 | D:2      | Killed Terence
  1093 | D:2      | Reached skill level 1 in Fighting
  1093 | D:2      | Reached skill level 1 in Short Blades
  1093 | D:2      | Reached skill level 1 in Long Blades
  1093 | D:2      | Reached skill level 1 in Axes
  1093 | D:2      | Reached skill level 1 in Maces & Flails
  1093 | D:2      | Reached skill level 1 in Polearms
  1093 | D:2      | Reached skill level 1 in Staves
  1093 | D:2      | Reached skill level 1 in Ranged Weapons
  1093 | D:2      | Reached skill level 1 in Throwing
  1093 | D:2      | Reached skill level 1 in Armour
  1093 | D:2      | Reached skill level 1 in Shields
  1093 | D:2      | Reached skill level 1 in Unarmed Combat
  1093 | D:2      | Reached skill level 1 in Invocations
  1093 | D:2      | Reached skill level 1 in Evocations
  1093 | D:2      | Reached skill level 1 in Shapeshifting
  1093 | D:2      | Reached XP level 4. HP: 7/32 MP: 4/11
  1284 | D:2      | Identified the +0 buckler of Happy Babbling {Fly}
  1313 | D:2      | Reached skill level 1 in Conjurations
  1313 | D:2      | Reached skill level 1 in Hexes
  1313 | D:2      | Reached skill level 1 in Summonings
  1313 | D:2      | Reached skill level 1 in Necromancy
  1313 | D:2      | Reached skill level 1 in Translocations
  1313 | D:2      | Reached skill level 1 in Fire Magic
  1313 | D:2      | Reached skill level 1 in Air Magic
  1313 | D:2      | Reached skill level 1 in Earth Magic
  1313 | D:2      | Reached skill level 1 in Alchemy
  1353 | D:2      | Noticed Robin
  1362 | D:2      | Killed Robin
  1576 | D:2      | Reached XP level 5. HP: 37/37 MP: 8/12
  1702 | D:2      | Found a hazy altar of Hepliaklqana.
  1803 | D:2      | Noticed Jessica
  1810 | D:2      | Killed Jessica
  2138 | D:3      | Reached XP level 6. HP: 43/44 MP: 8/13
  2151 | D:3      | Reached skill level 5 in Dodging
  2387 | D:3      | Found a faded altar of an unknown god.
  2397 | D:3      | Prayed at the altar of an unknown god.
  2397 | D:3      | Became a worshipper of Gozag Ym Sagoz the Greedy
  2927 | D:4      | Found Emmaobac's Fire Supplies.
  3515 | D:4      | Noticed Sigmund
  3538 | D:4      | Killed Sigmund
  3539 | D:4      | Reached XP level 7. HP: 40/51 MP: 9/15
  3696 | D:5      | Entered Level 5 of the Dungeon
  3696 | D:5      | Found Vufe's Distillery.
  3757 | D:5      | Found a transporter.
  3793 | D:5      | Reached skill level 5 in Stealth
  3817 | D:5      | Noticed Edmund
  4053 | D:5      | Reached XP level 8. HP: 26/58 MP: 9/16
  4202 | D:5      | Bought a potion of heal wounds for 65 gold pieces
  4202 | D:5      | Bought a potion of heal wounds for 65 gold pieces
  4202 | D:5      | Bought a potion of cancellation for 104 gold pieces
  4212 | D:5      | Identified the +1 leather armour of Baet {rElec rN+}
  4478 | D:5      | Killed Edmund
  4696 | D:5      | Found a transporter.
  4747 | D:5      | Found a staircase to the Ecumenical Temple.
  5026 | D:6      | Learned a level 3 spell: Summon Ice Beast
  5226 | D:6      | Found a stormy altar of Qazlal.
  5246 | D:6      | Reached XP level 9. HP: 65/65 MP: 16/18
  5435 | D:6      | Found a sparkling altar of Nemelex Xobeh.
  5552 | D:6      | Noticed Maggie
  5569 | D:6      | Killed Maggie
  5570 | D:6      | Reached skill level 8 in Ice Magic
  6144 | D:6      | Identified the +2 dagger "Kium" {heavy, ^Fragile rF+ Str+3}
  6285 | D:7      | Reached skill level 5 in Invocations
  6610 | D:7      | Found Wostrimotu's Jewellery Boutique.
  6618 | D:7      | Bought an amulet of regeneration for 360 gold pieces
  7180 | D:8      | Noticed Joseph
  7284 | D:8      | Noticed a two-headed ogre
  7294 | D:8      | Killed a two-headed ogre
  7399 | D:8      | Reached skill level 5 in Fighting
  7399 | D:8      | Reached skill level 5 in Short Blades
  7399 | D:8      | Reached skill level 5 in Long Blades
  7399 | D:8      | Reached skill level 5 in Axes
  7399 | D:8      | Reached skill level 5 in Maces & Flails
  7399 | D:8      | Reached skill level 5 in Polearms
  7399 | D:8      | Reached skill level 5 in Staves
  7399 | D:8      | Reached skill level 5 in Ranged Weapons
  7399 | D:8      | Reached skill level 5 in Throwing
  7399 | D:8      | Reached skill level 5 in Armour
  7399 | D:8      | Reached skill level 5 in Shields
  7399 | D:8      | Reached skill level 5 in Unarmed Combat
  7399 | D:8      | Reached skill level 5 in Evocations
  7399 | D:8      | Reached XP level 10. HP: 64/74 MP: 17/20
  7637 | D:8      | Noticed Psyche
  7644 | D:8      | Killed Psyche
  7707 | D:8      | Reached skill level 5 in Shapeshifting
  7830 | D:8      | Found a staircase to the Lair.
  7884 | D:8      | Killed Joseph
  8199 | D:8      | Identified a scroll of acquirement
  8199 | D:8      | Acquired 698 gold pieces
  8236 | D:8      | Bought a scroll of enchant weapon for 105 gold pieces
  8236 | D:8      | Bought 2 scrolls of brand weapon for 266 gold pieces
  8236 | D:8      | Bought a scroll of blinking for 105 gold pieces
  8236 | D:8      | Bought a scroll of revelation for 105 gold pieces
  8311 | D:9      | Noticed Erica
  8339 | D:9      | HP: 1/76 [something (7)]
  8339 | D:9      | Slain by Erica

Illustrated notes

Levels and vault maps discovered:
D:1:      lemuel_arrival_behind_the_door_large, layout_loops_ring,
          nicolae_shop_unique_rings
D:2:      layout_basic, basic_altar, uniq_terence, uniq_robin, uniq_jessica
D:3:      layout_loops_ring, ebering_ecumenical_altar_mist,
          kennysheep_cluttered_room
D:4:      layout_basic, nicolae_shop_fire_sale [nicolae_sub_dead_trees],
          uniq_sigmund
D:5:      gammafunk_cloud_chamber, layout_cave_pools,
          minmay_temple_entry_glassed_door, serial_glass, glass_columns_a,
          glass_columns_c, serial_shops, shop, dreamdust_gnoll_farm, uniq_edmund
D:6:      layout_gridville, mainiacjoe_overflow_big_doors, uniq_maggie
D:7:      layout_basic, serial_shops, shop
D:8:      layout_rooms, minmay_lair_entry_grove, interstate_on_off,
          chequers_jeans, solitary_fountain, uniq_psyche, uniq_joseph
D:9:      layout_basic, minmay_three_doors, uniq_harold, uniq_erolcha,
          uniq_erica

Skill      XL: |  1  2  3  4  5  6  7  8  9 10 |
---------------+-------------------------------+-----
Spellcasting   | 5 6 7 |  7.8
Fighting       | 1 2 3 4 5 |  5.9
Short Blades   | 1 2 3 4 5 |  5.9
Long Blades    | 1 2 3 4 5 |  5.9
Axes           | 1 2 3 4 5 |  5.9
Maces & Flails | 1 2 3 4 5 |  5.9
Polearms       | 1 2 3 4 5 |  5.9
Staves         | 1 2 3 4 5 |  5.9
Ranged Weapons | 1 2 3 4 5 |  5.9
Throwing       | 1 2 3 4 5 |  5.9
Armour         | 1 2 3 4 5 |  5.9
Shields        | 1 2 3 4 5 |  5.9
Unarmed Combat | 1 2 3 4 5 |  5.9
Invocations    | 1 2 3 4 5 6 |  6.4
Evocations     | 1 2 3 4 5 |  5.9
Shapeshifting  | 1 2 3 4 5 |  5.3
Conjurations   | 1 2 3 4 |  4.8
Hexes          | 1 2 3 4 |  4.8
Summonings     | 1 2 3 4 |  4.8
Necromancy     | 1 2 3 4 |  4.8
Translocations | 1 2 3 4 |  4.8
Fire Magic     | 1 2 3 4 |  4.8
Air Magic      | 1 2 3 4 |  4.8
Earth Magic    | 1 2 3 4 |  4.8
Alchemy        | 1 2 3 4 |  4.8
Dodging        | 5 6 7 |  7.5
Stealth        | 5 6 7 |  7.3
Ice Magic      | 8 |  8.7

Action                     |  1- 3 |  4- 6 |  7- 9 | 10-12 || total
---------------------------+-------+-------+-------+-------++-------
  Melee: Dagger            |     7 |       |       |       ||     7
         Spear             |    73 |       |       |       ||    73
         Bite              |    12 |    11 |    20 |     6 ||    49
         Short sword       |    10 |    37 |       |       ||    47
         Punch             |     1 |     1 |     1 |     2 ||     5
         Mace              |       |     4 |       |       ||     4
         Flail             |       |    10 |    65 |     8 ||    83
         Falchion          |       |    25 |    81 |       ||   106
         Glaive            |       |       |    27 |     5 ||    32
         Scimitar          |       |       |       |    42 ||    42
   Fire: Sling             |       |    62 |    57 |    24 ||   143
         Orcbow            |       |       |       |    20 ||    20
  Throw: Boomerang         |     2 |     8 |       |     2 ||    12
         Javelin           |       |       |     3 |     7 ||    10
         Dart              |       |       |     2 |       ||     2
   Cast: Freeze            |    12 |     2 |       |       ||    14
         Frozen Ramparts   |     2 |    15 |    35 |    18 ||    70
         Summon Ice Beast  |       |       |     6 |     6 ||    12
 Invoke: Call Merchant     |       |       |       |     1 ||     1
  Evoke: Wand              |       |       |     2 |     9 ||    11
    Use: Scroll            |       |       |     9 |    13 ||    22
         Potion            |       |       |     6 |     4 ||    10
   Stab: Sleeping          |     6 |     3 |       |       ||     9
         Distracted        |       |       |     1 |     2 ||     3
 Armour: Robe              |    44 |    40 |    91 |    57 ||   232
         Leather armour    |       |       |    25 |       ||    25
  Dodge: Dodged            |    68 |    43 |    94 |    59 ||   264
  Block: Buckler           |       |       |    32 |       ||    32
